 Dungeon Sprint DCSS version 0.21.1-1-g345015f (webtiles) character file.

2300000 Fang the Conqueror (level 17, -56/191 HPs)
             Began as a Minotaur Abyssal Knight on June 4, 2018.
             Was an Elder of Lugonu.
             Annihilated by a large bag of meat
             ... wielding a +9 giant spiked club
              (74 damage)
             ... in the Dungeon (Sprint VIII: "Arena of Blood").
             The game lasted 00:00:22 (23 turns).

Fang the Conqueror (Minotaur Abyssal Knight)          Turns: 23, Time: 00:00:22

Health: -56/191    AC:  6    Str: 24    XL:     17   Next: 93%
Magic:  3/33       EV: 25    Int:  9    God:    Lugonu [****..]
Gold:   0          SH:  0    Dex: 10    Spells: 16/16 levels left

rFire    . . .     SeeInvis .   j - +∞ Axe of Woe
rCold    . . .     Gourm    .   (shield currently unavailable)
rNeg     . . .     Faith    .   b - +0 leather armour
rPois    .         Spirit   .   (helmet restricted)
rElec    .         Reflect  .   (no cloak)
rCorr    .         Harm     .   (no gloves)
MR       +....     NoTele   +   (no boots)
Stlth    +.........             (no amulet)
HPRegen  0.41/turn              (no ring)
MPRegen  0.23/turn              (no ring)

@: no status effects
A: retaliatory headbutt, horns 2
a: Bend Space, Banish, Corrupt, Renounce Religion


You were in the Dungeon.
You worshipped Lugonu.
Lugonu was greatly pleased with you.
You were not hungry.

You visited 1 branch

Inventory:

Hand Weapons
 a - a +1 hand axe
 j - the +∞ Axe of Woe (weapon)
   (You found it in the Dungeon)
Armour
 b - a +0 leather armour (worn)
Scrolls
 i - a scroll of blinking
Potions
 d - a potion of curing
 e - a potion of heal wounds
 f - a potion of haste
 g - 2 potions of magic
 h - a potion of berserk rage
Comestibles
 c - a ration


   Skills:
 O Level 27 Fighting
 O Level 27 Axes
 O Level 27 Armour
 O Level 27 Dodging
 O Level 27 Invocations


You had 16 spell levels left.
You didn't know any spells.

Dungeon Overview and Level Annotations

Branches:
Dungeon (1/1)

Altars:
Makhleb


Innate Abilities, Weirdness & Mutations

You reflexively headbutt those who attack you in melee.
You have a pair of horns on your head.


Message History

You kill the meat berserker!
Lugonu accepts your kill.
You can now corrupt the fabric of space.
Your Dodging skill gained 7 levels and is now at level 26!
You slice the bag of meat!!
You slaughter the bag of meat joyfully.
You kill the bag of meat!
Lugonu accepts your kill.
You have mastered Dodging!
You hear two shouts!
You hear a shout! x4
The meat berserker moves out of view.
The bag of meat moves out of view.
You hear a shout! x3
The meat berserker rages. 5 orcs come into view.
An orc and a two-headed ogre come into view.
The bag of meat shouts! x2; You hear a shout! x3
The large bag of meat hits you with a +9 giant spiked club!!!!
Ouch! That really hurt!
* * * LOW HITPOINT WARNING * * *
The large bag of meat hits you with a +9 giant spiked club!!!!
You die...

. #.. ...# .
..###.. .o.###..o
......###......Oo
......_.o.....o.
#..)))# .O..o
#_.<._#......
..#....)#......
......_.))......
......###@)......
..###...O.Oo###...
. #.....o.# ..
#.O....o#
...o.o....
oo.oo......


Oo......... oOo.......## You could see 4 large bags of meat, 3 meat berserkers
and 18 bags of meat.

Vanquished Creatures
  5 ogres (D)
  5 orcs (D)
10 creatures vanquished.

Notes
Turn   | Place    | Note
-------+----------+-------------------------------------------
     0 | D        | Found the +∞ Axe of Woe
     0 | D        | Fang the Minotaur Abyssal Knight began the quest for the Orb.
     0 | D        | Reached XP level 1. HP: 19/19 MP: 1/1
     3 | D        | Noticed a bag of meat
     4 | D        | Noticed a bag of meat
     6 | D        | Noticed a bag of meat
     8 | D        | Noticed a bag of meat
     8 | D        | Noticed a meat berserker
    10 | D        | Killed a bag of meat
    10 | D        | Reached skill level 10 in Invocations
    10 | D        | Reached XP level 2. HP: 63/63 MP: 1/7
    10 | D        | Reached XP level 3. HP: 71/71 MP: 1/8
    10 | D        | Reached XP level 4. HP: 79/79 MP: 1/10
    10 | D        | Reached XP level 5. HP: 86/86 MP: 1/11
    10 | D        | Reached XP level 6. HP: 95/95 MP: 1/12
    10 | D        | Reached XP level 7. HP: 102/102 MP: 1/13
    10 | D        | Reached XP level 8. HP: 111/111 MP: 1/14
    10 | D        | Reached XP level 9. HP: 118/118 MP: 1/15
    10 | D        | Reached XP level 10. HP: 127/127 MP: 1/16
    10 | D        | Reached XP level 11. HP: 134/134 MP: 1/17
    11 | D        | Noticed a meat berserker
    11 | D        | Killed a bag of meat
    11 | D        | Reached ** piety under Lugonu
    11 | D        | Reached skill level 27 in Fighting
    11 | D        | Reached XP level 12. HP: 151/151 MP: 1/19
    13 | D        | Noticed a meat berserker
    13 | D        | Killed a meat berserker
    13 | D        | Reached skill level 15 in Invocations
    13 | D        | Reached XP level 13. HP: 159/159 MP: 1/23
    13 | D        | Reached XP level 14. HP: 168/168 MP: 1/24
    14 | D        | Killed a meat berserker
    14 | D        | Reached skill level 10 in Dodging
    14 | D        | Reached XP level 15. HP: 173/174 MP: 1/26
    16 | D        | Reached *** piety under Lugonu
    16 | D        | Reached skill level 27 in Axes
    17 | D        | Noticed a meat berserker
    18 | D        | Noticed a meat berserker
    18 | D        | Killed a meat berserker
    18 | D        | Reached XP level 16. HP: 145/183 MP: 2/29
    18 | D        | Reached skill level 27 in Armour
    18 | D        | Reached skill level 15 in Dodging
    20 | D        | Killed a meat berserker
    20 | D        | Reached skill level 27 in Invocations
    20 | D        | Reached XP level 17. HP: 152/191 MP: 2/33
    21 | D        | Noticed a meat berserker
    21 | D        | Noticed a large bag of meat
    21 | D        | Noticed a large bag of meat
    22 | D        | Noticed a meat berserker
    22 | D        | Killed a meat berserker
    22 | D        | Reached **** piety under Lugonu
    22 | D        | Reached skill level 27 in Dodging
    23 | D        | Noticed a large bag of meat
    23 | D        | Annihilated by a large bag of meat

Skill      XL: |  1  2  3  4  5  6  7  8  9 10 11 12 13 14 15 16 17 |
---------------+----------------------------------------------------+-----
Fighting       | 23 27 | 27.0
Axes           | 14 16 22 25 27 | 27.0
Armour         | 12 14 19 22 26 27 | 27.0
Dodging        | 3 4 7 10 13 19 27 | 27.0
Invocations    | 10 11 15 17 21 27 | 27.0

Action                   |  1- 3 |  4- 6 |  7- 9 | 10-12 | 13-15 | 16-18 || total
-------------------------+-------+-------+-------+-------+-------+-------++-------
Melee: Executioner's axe |     1 |       |       |     2 |     3 |     2 ||     8
Dodge: Dodged            |       |       |       |     1 |       |       ||     1
